 Dungeon Crawl Stone Soup version 0.30-a0-218-gedb9141078 (webtiles) character file.

Game seed: 9021097282590346829

51 KennySheep the Ogre Mage (level 3, -5/33 HPs)
             Began as an Ogre Earth Elementalist on Oct 5, 2022.
             Was an Initiate of Gozag.
             Slain by an iguana (10 damage)
             ... on level 2 of the Dungeon.
             The game lasted 00:03:57 (1681 turns).

KennySheep the Ogre Mage (Ogre Earth Elementalist)  Turns: 1681, Time: 00:03:58

Health: -5/33      AC:  3    Str: 12    XL:     3   Next: 81%
Magic:  0/7        EV:  9    Int: 18    God:    Gozag
Gold:   54         SH:  0    Dex:  9    Spells: 5/8 levels left

rFire   . . .      SeeInvis .    k - +0 short sword
rCold   . . .      Faith    .    (no shield)
rNeg    . . .      Spirit   .    a - +0 robe
rPois   .          Reflect  .    (helmet restricted)
rElec   .          Harm     .    (no cloak)
rCorr   .          Rampage  .    (gloves unavailable)
Will    .....                    (boots unavailable)
Stlth   +.........               (no amulet)
HPRegen 0.25/turn                (no ring)
MPRegen 0.10/turn                (no ring)

@: no status effects
A: large, unfitting armour, tough skin 1
a: Renounce Religion, Potion Petition, Call Merchant, Bribe Branch


You were on level 2 of the Dungeon.
You worshipped Gozag.
Gozag was noncommittal.
You visited 1 branch of the dungeon, and saw 2 of its levels.

You collected 54 gold pieces.

Inventory:

Hand Weapons
 k - a +0 short sword (weapon)
Armour
 a - a +0 robe (worn)
Scrolls
 c - a scroll of torment {unknown}
 d - a scroll of enchant weapon {unknown}
 f - 2 scrolls of identify {unknown}
 g - a scroll of magic mapping {unknown}
 j - a scroll of teleportation {unknown}
 l - a scroll of vulnerability {unknown}
 m - a scroll of enchant armour {unknown}
 n - a scroll of immolation {unknown}
Potions
 b - a potion of magic
 e - a potion of invisibility {unknown}
 h - 2 potions of heal wounds {unknown}
 i - a potion of mutation {unknown}


   Skills:
 + Level 1.6 Fighting
 * Level 1.1 Maces & Flails
 - Level 1.7 Dodging
 - Level 1.4 Stealth
 - Level 1.1 Unarmed Combat
 * Level 3.4 Spellcasting
 - Level 0.8 Transmutations
 - Level 2.6 Earth Magic


You had 5 spell levels left.
You knew the following spells:

 Your Spells              Type           Power      Damage    Failure   Level
a - Sandblast             Erth           24%        2d8       5%          1
b - Passwall              Tmut/Erth      7%         N/A       12%         2

Your spell library contained the following spells:

 Spells                   Type           Power      Damage    Failure   Level
 Summon Small Mammal      Summ           12%        N/A       16%         1
 Stone Arrow              Conj/Erth      14%        3d7       26%         3
 Call Canine Familiar     Summ           3%         N/A       43%         3
 Summon Guardian Golem    Hex/Summ       3%         N/A       43%         3
 Petrify                  Tmut/Erth      9%         N/A       58%         4


Dungeon Overview and Level Annotations

Branches:
Dungeon (2/15)

Altars:
Gozag


Innate Abilities, Weirdness & Mutations

You are too large for most types of armour.
You have tough skin. (AC +1)


Message History

Nothing appears to happen.
The blast of sand hits the iguana.
The iguana is moderately wounded.
The iguana bites you!
The blast of sand hits the iguana.
The iguana is heavily wounded.
A goblin comes into view. It is wielding a +0 club.
The iguana bites you!
Aiming: Sandblast (safe; 5% risk of failure)
Press: ? - help, Q - select action, (/) - cycle Shift-Dir - straight line, f/p - iguana
Aim: an iguana (heavily wounded, 84% to hit)
The blast of sand hits the iguana.
The iguana is severely wounded.
The goblin shouts!
The iguana barely misses you. x2
Aiming: Sandblast (safe; 5% risk of failure)
Press: ? - help, Q - select action, (/) - cycle Shift-Dir - straight line, f/p - iguana
Aim: an iguana (severely wounded, 84% to hit)
The blast of sand misses the iguana.
The iguana barely misses you.
Your magical contamination has completely faded away.
The iguana attacks as you move away! The iguana misses you.
There is an open door here.
You barely miss the iguana.
The iguana is severely wounded.
The iguana bites you!
* * * LOW HITPOINT WARNING * * *
Aiming: Sandblast (safe; 5% risk of failure)
Press: ? - help, Q - select action, (/) - cycle Shift-Dir - straight line, f/p - iguana
Aim: an iguana (severely wounded, 84% to hit)
The blast of sand hits the iguana.
The iguana is severely wounded.
The iguana closely misses you. The iguana misses you.
You hit the iguana.
The iguana is almost dead.
The iguana bites you.
* * * LOW HITPOINT WARNING * * *
The iguana attacks as you move away! The iguana bites you!
You die...
Your body crumbles into a pile of gold.

#'######.......
#.#.........#
#.'.........#
###.........# #
#.......g.# #.........#
............#
............#########...
............'g.l@.......
............#$........##
............#.........#
...#########.........#
.. #.........#
+.........# #.........#
#.........#


You could see an iguana and a goblin.

Vanquished Creatures
  An adder (D:2)
  A dart slug (D:1)
  6 ball pythons
  3 endoplasms
  2 giant cockroaches (D:1)
  2 goblins
  3 hobgoblins
  A quokka (D:1)
  3 bats
  3 frilled lizards (D:1)
  7 kobolds
  7 rats
39 creatures vanquished.

Notes
Turn   | Place    | Note
-------+----------+-------------------------------------------
     0 | D:1      | KennySheep the Ogre Earth Elementalist began the quest for
                  | the Orb.
     0 | D:1      | Reached XP level 1. HP: 16/16 MP: 3/3
   301 | D:1      | Reached XP level 2. HP: 26/26 MP: 3/5
   304 | D:1      | Learned a level 2 spell: Passwall
   490 | D:1      | Reached skill level 1 in Fighting
   490 | D:1      | Reached skill level 1 in Unarmed Combat
   766 | D:1      | Reached skill level 3 in Spellcasting
   924 | D:1      | Reached XP level 3. HP: 33/33 MP: 3/7
  1589 | D:2      | Reached skill level 1 in Maces & Flails
  1592 | D:2      | Found a faded altar of an unknown god.
  1598 | D:2      | Prayed at the altar of an unknown god.
  1598 | D:2      | Became a worshipper of Gozag Ym Sagoz the Greedy
  1681 | D:2      | Slain by an iguana

Illustrated notes

Levels and vault maps discovered:
D:1:      wander_arrival_desolate, layout_basic, serial_co_window_serial,
          co_window_paths_b, co_window_corner_a, co_window_corner_a,
          co_window_of_opportunity_a, co_window_of_opportunity_a,
          co_window_2corner, co_window_cross_4, co_window_2corner,
          glass_columns_b, glass_columns_c, minmay_cupped
D:2:      layout_basic, dreamdust_ecumenical_altar_angels_and_demons,
          uniq_terence

Skill      XL: |  1  2  3 |
---------------+----------+-----
Fighting       | 1 |  1.6
Unarmed Combat | 1 |  1.1
Spellcasting   | 3 |  3.4
Maces & Flails | 1 |  1.1
Dodging        | |  1.7
Stealth        | |  1.4
Transmutations | |  0.8
Earth Magic    | |  2.6

Action                   || total
-------------------------++-------
Melee: Short sword       ||     5
 Cast: Sandblast         ||    65
Armor: Robe              ||     9
Dodge: Dodged            ||    12

Table legend: (Time is in decaauts)
 A = Elapsed time spent in this place.
 B = Non-inter-level travel time spent in this place.
 C = Inter-level travel time spent in this place.
 D = Time resting spent in this place.
 E = Time spent auto-exploring this place.
 F = Levels seen in this place.
 G = Mean time per level.
                   A        B        C        D        E       F      G
               +--------+--------+--------+--------+--------+-----+--------+
         Total |   1712 |   1689 |     23 |      0 |   1439 |   2 |  856.0 |
       Dungeon |   1712 |   1689 |     23 |      0 |   1439 |   2 |  856.0 |
               +--------+--------+--------+--------+--------+-----+--------+

Top non-repeatable levels by time:
     D:1: 1413 daAuts
     D:2: 299 daAuts
